 Dungeon Crawl Stone Soup version 0.31-a0-198-g2ad674f65e (webtiles) character file.

Game seed: 4410219740965551021

121519 gyole the Covert (level 16, -6/83 HPs)
             Began as a Spriggan Delver on June 24, 2023.
             Was the Champion of Lugonu.
             Mangled by a +5 long sword of protection (22 damage)
             ... on level 1 of the Elven Halls on June 25, 2023.
             The game lasted 02:05:09 (34524 turns).

gyole the Covert (Spriggan Delver)                 Turns: 34524, Time: 02:05:10

Health: -6/83      AC:  9    Str: 10    XL:     16   Next: 32%
Magic:  26/32      EV: 32    Int: 20    God:    Lugonu [******]
Gold:   1949       SH:  0    Dex: 25    Spells: 7/37 levels left

rFire   + + .        a - +2 dagger (distort)
rCold   . . .        (no shield)
rNeg    . . .        S - +0 robe of the Slug {rElec rF++ Str+2}
rPois   .            z - +0 hat {Int+3}
rElec   +            R - +2 cloak of the Thief {*Fog Slay-2 SInv Stlth+}
rCorr   .            (gloves unavailable)
SInv    +            (boots unavailable)
Will    ++...        (no amulet)
Stlth   +++++++      m - +4 ring of protection
HPRegen 0.33/turn    N - +6 ring of dexterity
MPRegen 0.23/turn

%: no passive effects
@: very quick
A: very small, no large weapons, unfitting armour, see invisible, speed 3
a: Renounce Religion, Depart the Abyss, Banish, Corrupt, Enter the Abyss, Brand
Weapon With Distortion


You were on level 1 of the Elven Halls.
You worshipped Lugonu.
Lugonu was exalted by your worship.
You visited 5 branches of the dungeon, and saw 24 of its levels.
You visited the Abyss 1 time.
You also visited: Ossuary.

You collected 2889 gold pieces.
You spent 940 gold pieces at shops.

Inventory:

Hand Weapons
 a - a +2 dagger of distortion (weapon)
 b - the +6 arbalest of Modesty {drain, Str+2 Int+2}
   (You found it on level 10 of the Dungeon)

   Str:       It affects your strength (+2).
   Int:       It affects your intelligence (+2).
 l - the +6 dagger of the Desolation of Salt {flame, rN+ Will+ Str-2}
   (You found it on level 2 of the Dungeon)

   Str:       It affects your strength (-2).
   rN:        It protects you from negative energy.
   Will:      It increases your willpower.
 O - a +4 scimitar of flaming
 U - a +2 arbalest of freezing
Missiles
 x - 6 atropa-tipped darts
 I - 27 poisoned darts (quivered)
 Y - 6 curare-tipped darts
Armour
 o - a +0 robe of positive energy
 z - a +0 hat of intelligence (worn)
 K - a +2 robe of cold resistance
 M - +2 steam dragon scales
 R - the +2 cloak of the Thief (worn) {*Fog Slay-2 SInv Stlth+}
   (You bought it in a shop on level 2 of the Orcish Mines)

   *Fog:      It may release a thick cloud of smoke when the wearer is hurt.
   Slay:      It affects your accuracy & damage with ranged weapons and melee
   (-2).
   SInv:      It lets you see invisible.
   Stlth:     It makes you more stealthy.
 S - the +0 robe of the Slug (worn) {rElec rF++ Str+2}
   (You found it on level 8 of the Dungeon)

   Str:       It affects your strength (+2).
   rF:        It greatly protects you from fire.
   rElec:     It insulates you from electricity.
Jewellery
 m - a +4 ring of protection (left hand)
 u - a ring of wizardry
 y - a ring of resist corrosion
 A - a ring of protection from cold
 D - a +5 ring of evasion
 G - the ring of Eternal Night {*Slow rElec rC+ Will+}
   (You found it on level 14 of the Dungeon)

   [ring of willpower]

   rC:        It protects you from cold.
   rElec:     It insulates you from electricity.
   *Slow:     It may slow you when you take damage.
   Will:      It increases your willpower.
 N - a +6 ring of dexterity (right hand)
 Z - an amulet of magic regeneration
Wands
 g - a wand of digging (17)
 k - a wand of flame (10)
 q - a wand of quicksilver (3)
 V - a wand of paralysis (21)
Scrolls
 c - 5 scrolls of fog
 d - 7 scrolls of revelation
 e - 5 scrolls of fear
 i - 3 scrolls of poison
 j - 15 scrolls of teleportation
 n - 5 scrolls of blinking
 p - 2 scrolls of enchant weapon
 w - 4 scrolls of immolation
 J - a scroll of vulnerability
 P - a scroll of silence
 W - a scroll of butterflies
Potions
 f - 3 potions of haste
 h - 13 potions of curing
 s - 2 potions of berserk rage
 t - a potion of magic
 v - 5 potions of lignification
 C - 4 potions of heal wounds
 E - 2 potions of might
 F - a potion of mutation
 H - 2 potions of enlightenment
 L - 3 potions of resistance
 T - 2 potions of cancellation
 X - 2 potions of brilliance
Miscellaneous
 r - a condenser vane
 B - a lightning rod (4/4)
 Q - a box of beasts


   Skills:
 + Level 8.9 Fighting
 - Level 13.0(13.2) Short Blades
 + Level 2.8(7.0) Long Blades
 + Level 5.9 Ranged Weapons
 - Level 1.1 Throwing
 + Level 13.3 Dodging
 - Level 14.3 Stealth
 + Level 11.0 Spellcasting
 * Level 11.1 Hexes
 - Level 11.6 Translocations
 + Level 11.7 Transmutations
 - Level 2.1 Fire Magic
 - Level 6.0 Poison Magic
 + Level 8.4 Invocations
 + Level 8.3 Evocations


You had 7 spell levels left.
You knew the following spells:

 Your Spells              Type           Power      Damage    Failure   Level
a - Apportation           Tloc           100%       N/A       1%          1
b - Olgreb's Toxic Radia  Pois           35%        N/A       5%          4
c - Ignite Poison         Fire/Tmut/Pois 37%        N/A       1%          3
d - Tukima's Dance        Hex            53%        N/A       1%          3
e - Passwall              Tmut/Erth      28%        N/A       1%          2
f - Irradiate             Conj/Tmut      17%        3d17      16%         5
g - Portal Projectile     Hex/Tloc       100%       N/A       1%          3
h - Dispersal             Tloc           27%        N/A       8%          6
i - Sting                 Tmut/Pois      100%       1d8       1%          1
j - Poisonous Vapours     Pois/Air       46%        N/A       2%          2

Your spell library contained the following spells:

 Spells                   Type           Power      Damage    Failure   Level
 Confusing Touch          Hex            53%        N/A       1%          3
 Dazzling Flash           Conj/Hex       66%        N/A       1%          3
 Gell's Gravitas          Tloc           55%        N/A       1%          3
 Summon Guardian Golem    Hex/Summ       33%        N/A       1%          3
 Teleport Other           Tloc           55%        N/A       1%          3
 Cigotuvi's Dreadful Rot  Necr/Pois/Air  38%        N/A       4%          2
 Scorch                   Fire           38%        2d7       4%          2
 Alistair's Intoxication  Tmut/Pois      30%        N/A       4%          5
 Petrify                  Tmut/Erth      34%        N/A       5%          4
 Freeze                   Ice            44%        1d6       6%          1
 Kiss of Death            Conj/Necr      44%        2d8       6%          1
 Sandblast                Erth           22%        2d7       6%          1
 Anguish                  Hex/Necr       16%        N/A       6%          4
 Leda's Liquefaction      Hex/Erth       16%        N/A       6%          4
 Sublimation of Blood     Necr           11%        N/A       10%         2
 Call Canine Familiar     Summ           11%        N/A       19%         3
 Frozen Ramparts          Ice            22%        1d4       19%         3
 Hailstorm                Conj/Ice       11%        3d5       19%         3
 Stone Arrow              Conj/Erth      22%        3d8       19%         3
 Silence                  Hex/Air        16%        N/A       19%         5
 Flame Wave               Conj/Fire      15%        2d7       38%         4
 Enfeeble                 Hex            26%        N/A       50%         7
 Animate Armour           Summ/Erth      22%        N/A       52%         4
 Dispel Undead            Necr           11%        3d9       52%         4
 Agony                    Necr           11%        N/A       86%         5
 Freezing Cloud           Conj/Ice/Air   5%         6-21      86%         5
 Summon Cactus Giant      Summ           5%         N/A       100%        6
 Orb of Destruction       Conj           5%         9d5       100%        7
 Spellforged Servitor     Conj/Summ      5%         N/A       100%        7
 Discord                  Hex            26%        N/A       99%         8
 Ignition                 Fire           9%         3d5       100%        8
 Lehudib's Crystal Spear  Conj/Erth      5%         10d3      100%        8


Dungeon Overview and Level Annotations

Branches:
Dungeon (15/15)            Temple (1/1) D:4            Lair (5/5) D:10
  Swamp (0/4) Lair:3       Spider (0/4) Lair:3        Slime (0/5) Lair:4
    Orc (2/2) D:9             Elf (1/3) Orc:2        Vaults (0/5) D:13
 Depths (0/4) D:15        Ossuary (visited)

Altars:
Ashenzari
Cheibriados
Dithmenos
Elyvilon
Fedhas
Gozag
Hepliaklqana
Kikubaaqudgha
Makhleb
Nemelex Xobeh
Okawaru
Qazlal
Ru
Sif Muna
Trog
Uskayaw
Vehumet
Wu Jian
Xom
Yredelemnul
Zin
The Shining One

Shops:
D:2 =   D:13 (   Orc:2 [![?:   Elf:1 *

Annotations:
D:7 exclusion: electric eel
D:13 Azrael
Orc:1 2 runed translucent doors, Zeraiwnu's ghost, journeyman HuWn


Innate Abilities, Weirdness & Mutations

You are very small and have problems with some larger weapons.
You are too small for most types of armour.
You have supernaturally acute eyesight. (SInv)
You cover ground extremely quickly. (Speed+++)


Message History

The deep elf archer is poisoned.
The deep elf archer looks even sicker.
A deep elf archer comes into view. It is wielding a +0 short sword.
Unknown command.
Unknown command.
Casting: Olgreb's Toxic Radiance (dangerous; 5% risk of failure)
Confirm with . or Enter, or press ? or * to list all spells.
You ignite the poison in your surroundings!
The deep elf archer seems to burn from within!!
The deep elf archer is almost dead.
The deep elf sorcerer seems to burn from within!
The deep elf sorcerer is moderately wounded.
The deep elf sorcerer is poisoned.
The deep elf archer is poisoned. x2
Your toxic aura wanes.
The deep elf archer unwields a +0 short sword.
The deep elf archer wields a +0 shortbow.
The deep elf archer shoots an arrow.
The arrow hits you!!
With a swish of your cloak, you release a cloud of fog.
You start resting.
A deep elf knight comes into view. It is wielding a +0 long sword.
A deep elf knight is nearby!
Unknown command.
The deep elf knight shouts!
The deep elf knight barely misses you.
Unknown command.
The +5 long sword of protection hits you!!
With a swish of your cloak, you release a cloud of fog.
There is an open door here.
Unknown command.
Casting: Ignite Poison (safe; 1% risk of failure)
Confirm with . or Enter, or press ? or * to list all spells.
Aiming: Passwall (safe; 1% risk of failure)
Press: ? - help, Dir - move target A rock wall.
The +5 long sword of protection closely misses you.
You begin to meditate on the wall.
You continue meditating on the rock.
The +5 long sword of protection hits you!!
* * * LOW HITPOINT WARNING * * *
With a swish of your cloak, you release a cloud of fog.
The +5 long sword of protection hits you!!
You die...

#§§§§.####§§§####.)####'
#§§§§§###e§§§§#####)#..)
###'####§§§§§§.# ##)...
#.# #§§§§§§.#####.... #.#
#§§§§§..'...'.).. #.#
##..§..######.... ###.#
##§...## ##.... ### #...#
##(##########'#.). ..###
##.#'# #@## ##°°°○.'#####
....# ###...######
#.....).#
....###...#.'.).#
#.).....#
....'...'...#...#
#.).....#####
....#########...#
####....°).°. ..>.# .#..
#####..)°##### ..### ....
. #...#)#.°## ### .#.#.
#...#...#.#### #####
#####...####.(.##'###'...


You could see a +5 long sword of protection.

Vanquished Creatures
  Jorgrun (D:13)
  Gastronok (Lair:1)
  Kirke (D:13)
  Louise (D:15)
  An orc warlord (Orc:2)
  A stone giant (Orc:2)
  Nessos (D:15)
  A dire elephant (D:15)
  A deep elf demonologist (Elf:1)
  Snorg (Lair:4)
  Josephine (Lair:5)
  A fire dragon (Lair:5)
  4 hydras
  Fannar (D:10)
  A yaktaur captain (D:13)
  A catoblepas (D:15)
  5 centaur warriors
  Erolcha (D:9)
  5 two-headed ogres
  A boulder beetle (D:12)
  6 death yaks (Lair:4)
  4 dancing weapons (Elf:1)
  A tengu warrior (D:15)
  8 deep elf knights (Elf:1)
  Sonja (D:13)
  2 skeletal warriors
  Lodul (D:14)
  Pikel (D:6)
  A wizard (D:11)
  8 deep elf archers (Elf:1)
  7 deep elf zephyrmancers (Elf:1)
  A necromancer (Lair:4)
  6 manticores
  9 deep elf pyromancers (Elf:1)
  7 orc knights
  A wolf spider (D:15)
  4 ugly things (D:14)
  An oklob plant (D:10)
  7 orc sorcerers
  Joseph (D:7)
  4 elephants (Lair:5)
  A torpor snail (Lair:3)
  3 molten gargoyles (Lair:5)
  6 black mambas
  12 cane toads
  2 rime drakes
  2 kobold demonologists
  7 komodo dragons
  2 efreet
  3 unseen horrors
  2 yaktaurs (D:13)
  7 trolls
  2 tyrant leeches (Lair:3)
  A hornet (D:9)
  Prince Ribbit (Lair:2)
  6 meliai
  7 dream sheep (Lair:5)
  3 polar bears
  9 saltlings (Orc:2)
  10 blink frogs
  17 slime creatures
  A jumping spider (shapeshifter) (D:14)
  3 wraiths
  2 shadows
  A water elemental (D:14)
  Sigmund (D:2)
  4 fire elementals
  10 basilisks
  9 wyverns
  45 yaks
  5 hogs (D:13)
  5 steam dragons
  6 vampire mosquitoes
  3 wargs
  A swamp worm (Lair:3)
  15 water moccasins
  3 hell hounds (Lair:5)
  13 orc warriors
  4 black bears
  3 ice beasts (D:14)
  2 sky beasts
  12 centaurs
  15 ogres
  24 wolves
  7 kobold brigands
  12 bullfrogs
  7 gnoll sergeants
  11 scorpions
  2 earth elementals (Elf:1)
  15 wights
  9 killer bees
  An electric eel (Lair:1)
  3 howler monkeys (D:9)
  5 lava snakes (Lair:5)
  10 jellies
  A quasit (D:4)
  2 centaur zombies (Ossuary)
  A gnoll bouda (D:10)
  A human zombie (Ossuary)
  8 orc priests
  Crazy Yiuf (D:2)
  4 hounds
  5 sleepcaps
  5 iguanas
  4 scorpion zombies (Ossuary)
  Ijyb (D:5)
  14 orc wizards
  4 polar bear simulacra (Lair:4)
  4 hell rats (Lair:4)
  A wolf simulacrum (Lair:4)
  3 mummies (Ossuary)
  Robin (D:5)
  24 gnolls
  6 adders
  6 shadow imps
  4 white imps
  2 ufetubi
  6 worms
  50 orcs
  7 bats
  16 endoplasms
  8 giant cockroaches
  3 gnoll zombies (Ossuary)
  13 goblins
  6 hobgoblins
  4 jackals (D:2)
  12 kobolds
  3 quokkas
  4 ball pythons
  2 frilled lizards (D:2)
  A goblin zombie (Ossuary)
  2 hobgoblin zombies (Ossuary)
  A kobold zombie (Ossuary)
  3 orc zombies (Ossuary)
  6 rats
  4 river rat simulacra (Lair:4)
737 creatures vanquished.

Vanquished Creatures (others)
  A deep elf zephyrmancer (Elf:1)
  2 water elementals (Elf:1)
  4 dancing weapons (Orc:2)
  A goblin (D:4)
  2 starspawn tentacles (Abyss:1)
10 creatures vanquished.

Grand Total: 747 creatures vanquished

Notes
Turn   | Place    | Note
-------+----------+-------------------------------------------
     0 | D:5      | gyole the Spriggan Delver began the quest for the Orb.
     0 | D:5      | Reached XP level 1. HP: 11/11 MP: 2/2
    25 | D:6      | Noticed a black bear
    90 | D:6      | Noticed a sleepcap
    90 | D:6      | Noticed a killer bee
   127 | D:4      | Reached XP level 2. HP: 16/16 MP: 3/3
   169 | D:4      | Found a sand-covered staircase.
   200 | Ossuary  | Entered an ossuary
   206 | Ossuary  | Noticed a scorpion
   246 | Ossuary  | Killed a scorpion
   247 | Ossuary  | Reached skill level 1 in Evocations
   247 | Ossuary  | Reached XP level 3. HP: 19/19 MP: 4/4
   247 | Ossuary  | Reached XP level 4. HP: 23/23 MP: 5/5
   254 | Ossuary  | Noticed a scorpion
   386 | Ossuary  | Noticed a scorpion
   503 | Ossuary  | Noticed a scorpion
   549 | Ossuary  | Killed a scorpion
   550 | Ossuary  | Reached skill level 8 in Stealth
   550 | Ossuary  | Reached XP level 5. HP: 15/28 MP: 6/6
  1035 | Ossuary  | Reached XP level 6. HP: 27/32 MP: 7/7
  1387 | Ossuary  | Reached skill level 5 in Dodging
  1657 | Ossuary  | Reached skill level 9 in Stealth
  1714 | Ossuary  | Reached XP level 7. HP: 37/37 MP: 8/8
  1797 | Ossuary  | Learned a level 1 spell: Sting
  1854 | Ossuary  | Reached skill level 1 in Transmutations
  2120 | D:4      | Noticed Robin
  2490 | D:5      | Killed Robin
  2608 | D:4      | Reached skill level 5 in Short Blades
  2608 | D:4      | Reached skill level 1 in Poison Magic
  2788 | D:4      | Found a staircase to the Ecumenical Temple.
  2792 | Temple   | Entered the Ecumenical Temple
  2967 | Temple   | Became a worshipper of Elyvilon the Healer
  3414 | D:3      | Found a hide-covered altar of Uskayaw.
  3416 | D:3      | Found a bloodstained altar of Trog.
  3417 | D:3      | Found a hazy altar of Hepliaklqana.
  3922 | D:2      | Found Moturhum's Jewellery Shop.
  3998 | D:1      | Reached * piety under Elyvilon
  4038 | D:1      | Reached skill level 1 in Throwing
  4049 | D:1      | Learned a level 3 spell: Ignite Poison
  4517 | D:1      | Reached XP level 8. HP: 42/42 MP: 9/9
  4876 | D:2      | Reached ** piety under Elyvilon
  4912 | D:2      | Found a stormy altar of Qazlal.
  4940 | D:2      | Identified the +6 dagger of the Desolation of Salt {flame,
                  | rN+ Will+ Str-2}
  4984 | D:2      | Noticed Sigmund
  5068 | D:2      | Found a runed translucent door.
  5069 | D:2      | Noticed Crazy Yiuf
  5077 | D:2      | Killed Crazy Yiuf
  5249 | D:2      | Killed Sigmund
  5517 | D:4      | Reached skill level 1 in Spellcasting
  5813 | D:5      | Reached skill level 1 in Fire Magic
  5969 | D:5      | Reached skill level 10 in Stealth
  6005 | D:5      | Noticed Ijyb
  6012 | D:5      | Killed Ijyb
  6483 | D:6      | Noticed Pikel
  6530 | D:6      | Killed Pikel
  6531 | D:6      | Reached XP level 9. HP: 16/46 MP: 3/13
  6737 | D:6      | Reached skill level 5 in Transmutations
  6957 | D:6      | Reached *** piety under Elyvilon
  7954 | D:7      | Noticed Joseph
  7964 | D:7      | Killed Joseph
  7965 | D:7      | Reached skill level 5 in Fighting
  7970 | D:7      | Reached skill level 11 in Stealth
  8142 | D:7      | Reached XP level 10. HP: 37/51 MP: 16/16
  8268 | D:7      | Identified the +7 sling of the Wizarding Gods {drain,
                  | Fragile rF+ rC+}
  8875 | D:8      | Learned a level 4 spell: Olgreb's Toxic Radiance
  8878 | D:8      | Learned a level 2 spell: Poisonous Vapours
  8917 | D:8      | Identified the +0 robe of the Slug {rElec rF++ Str+2}
  9104 | D:8      | Reached **** piety under Elyvilon
  9237 | Abyss:1  | Cast into level 1 of the Abyss (wight)
  9344 | Abyss:1  | Noticed an apocalypse crab
  9402 | Abyss:1  | Found a corrupted altar of Lugonu.
  9448 | Abyss:1  | Noticed a tentacled starspawn
  9454 | Abyss:1  | Noticed a smoke demon
  9459 | Abyss:1  | Noticed a starcursed mass
  9488 | Abyss:1  | Noticed a bone dragon
  9504 | Abyss:1  | Noticed a tentacled starspawn
  9511 | Abyss:1  | Found a corrupted altar of Lugonu.
  9522 | Abyss:1  | Fell from the grace of Elyvilon
  9522 | Abyss:1  | Became a worshipper of Lugonu the Unformed
  9522 | Abyss:1  | Reached * piety under Lugonu
  9522 | Abyss:1  | Reached ** piety under Lugonu
  9565 | Abyss:1  | Noticed a tentacled starspawn
  9580 | D:8      | Escaped the Abyss
  9689 | D:8      | Reached skill level 5 in Poison Magic
  9689 | D:8      | Reached skill level 1 in Invocations
 10382 | D:9      | Noticed a cyclops
 10387 | D:9      | Banished a cyclops
 10539 | D:9      | Reached skill level 5 in Spellcasting
 10636 | D:9      | Noticed a rust devil
 10675 | D:9      | Reached XP level 11. HP: 30/56 MP: 6/19
 11142 | D:9      | Reached skill level 12 in Stealth
 11652 | D:9      | Found a staircase to the Orcish Mines.
 11949 | D:9      | Reached *** piety under Lugonu
 12116 | D:9      | Noticed Erolcha
 12128 | D:9      | Killed Erolcha
 12322 | D:10     | Entered Level 10 of the Dungeon
 12471 | D:10     | Found a staircase to the Lair.
 12690 | D:10     | Identified the +6 arbalest of Modesty {drain, Str+2 Int+2}
 12700 | D:10     | Noticed Fannar
 12762 | D:10     | Killed Fannar
 12930 | D:10     | Was forgiven by Elyvilon
 12930 | D:10     | Reached skill level 10 in Transmutations
 13039 | D:10     | Learned a level 1 spell: Apportation
 13522 | D:10     | Noticed an oklob plant
 13690 | D:10     | Reached **** piety under Lugonu
 13781 | D:10     | Killed an oklob plant
 13782 | D:10     | Reached skill level 1 in Translocations
 13899 | D:11     | Noticed a skeletal warrior
 13899 | D:11     | Noticed a skeletal warrior
 13899 | D:11     | Noticed a skeletal warrior
 13899 | D:11     | Noticed a skeletal warrior
 13899 | D:11     | Noticed a skeletal warrior
 13900 | D:11     | Killed a skeletal warrior
 13901 | D:11     | Reached skill level 10 in Short Blades
 14673 | D:9      | Banished a skeletal warrior
 14796 | D:10     | Banished a skeletal warrior
 14797 | D:10     | Reached XP level 12. HP: 40/61 MP: 22/22
 16124 | D:10     | Reached skill level 13 in Stealth
 16202 | D:11     | Got the Guide on Anathema
 16212 | D:11     | Learned a level 3 spell: Tukima's Dance
 16429 | D:11     | Reached skill level 1 in Hexes
 16690 | D:11     | Reached skill level 10 in Dodging
 17220 | D:12     | Noticed a two-headed ogre
 17226 | D:12     | Killed a two-headed ogre
 17270 | D:12     | Noticed a two-headed ogre
 17283 | D:12     | Killed a two-headed ogre
 17553 | D:12     | Found a sacrificial altar of Ru.
 17767 | Orc:1    | Entered Level 1 of the Orcish Mines
 17906 | Orc:1    | Found a large runed translucent door.
 17907 | Orc:1    | Found a large runed translucent door.
 17913 | Orc:1    | Noticed Zeraiwnu's ghost (journeyman HuWn)
 18153 | Orc:2    | Entered Level 2 of the Orcish Mines
 18153 | Orc:2    | Found Nashenou's Antique Armour Emporium.
 18277 | Orc:2    | Reached ***** piety under Lugonu
 18517 | Orc:2    | Noticed a two-headed ogre
 18524 | Orc:2    | Killed a two-headed ogre
 18586 | Orc:2    | Found a staircase to the Elven Halls.
 18661 | Orc:2    | Reached skill level 5 in Invocations
 18683 | Orc:2    | Reached skill level 5 in Translocations
 18811 | Orc:2    | Reached XP level 13. HP: 66/66 MP: 25/25
 18845 | Orc:2    | Reached skill level 5 in Hexes
 18988 | Orc:2    | Noticed a stone giant
 18995 | Orc:2    | Killed a stone giant
 19072 | Orc:2    | Reached skill level 14 in Stealth
 19080 | Orc:2    | Noticed an orc warlord
 19311 | Orc:2    | Killed an orc warlord
 19680 | Orc:2    | Found Olyleq's Magic Scroll Shoppe.
 19685 | Orc:2    | Found Qyrel's Antique Armour Shoppe.
 19707 | Orc:2    | Bought the +2 cloak of the Thief {*Fog Slay-2 SInv Stlth+}
                  | for 623 gold pieces
 19707 | Orc:2    | Found the +2 cloak of the Thief {*Fog Slay-2 SInv Stlth+}
 19721 | Orc:2    | Bought a scroll of amnesia for 68 gold pieces
 19721 | Orc:2    | Bought a scroll of brand weapon for 161 gold pieces
 19812 | Orc:2    | Found Kipok's Distillery.
 19839 | Orc:2    | Bought a potion of attraction for 33 gold pieces
 19839 | Orc:2    | Bought a potion of enlightenment for 55 gold pieces
 19892 | Orc:2    | Found Orghei's Book Shoppe.
 20448 | Lair:1   | Entered Level 1 of the Lair of Beasts
 20941 | Lair:1   | Reached skill level 1 in Ranged Weapons
 21051 | Lair:1   | Noticed Gastronok
 21525 | Lair:1   | Killed Gastronok
 21728 | Lair:2   | Reached ****** piety under Lugonu
 22050 | Lair:2   | Reached XP level 14. HP: 72/72 MP: 27/27
 22087 | Lair:2   | Noticed Prince Ribbit
 22096 | Lair:2   | Killed Prince Ribbit
 23002 | Lair:3   | Found a staircase to the Swamp.
 23278 | Lair:3   | Found a hole to the Spider Nest.
 24009 | Lair:4   | Found a staircase to the Slime Pits.
 24413 | Lair:4   | Reached skill level 5 in Evocations
 24444 | Lair:4   | Noticed Snorg
 24492 | Lair:4   | Killed Snorg
 25300 | Lair:5   | Entered Level 5 of the Lair of Beasts
 25820 | Lair:5   | Noticed Josephine
 25952 | Lair:5   | Killed Josephine
 26673 | Lair:5   | Identified the +5 hand axe "Toaniyna" {freeze, Int+4}
 27247 | Lair:5   | Found a large runed translucent door.
 27288 | Lair:5   | Reached skill level 10 in Translocations
 27418 | Lair:5   | Reached XP level 15. HP: 66/77 MP: 13/29
 27469 | Lair:5   | Found a large runed translucent door.
 27723 | D:10     | Learned a level 3 spell: Portal Projectile
 27730 | D:10     | Learned a level 6 spell: Dispersal
 27794 | D:13     | Noticed Sonja
 27970 | D:13     | Killed Sonja
 28040 | D:13     | Found a gate to the Vaults.
 28065 | D:13     | Noticed Kirke
 28081 | D:13     | Killed Kirke
 28082 | D:13     | Reached skill level 10 in Spellcasting
 28541 | D:13     | Noticed Jorgrun
 28562 | D:13     | Killed Jorgrun
 28792 | D:13     | Noticed Azrael
 29036 | D:13     | Found Feinont's Antique Weapon Shoppe.
 29619 | D:14     | Noticed Lodul
 29624 | D:14     | Killed Lodul
 29880 | D:14     | Learned a level 5 spell: Irradiate
 29976 | D:14     | Reached skill level 1 in Long Blades
 30528 | D:14     | Reached skill level 5 in Ranged Weapons
 30653 | D:14     | Identified the ring of Eternal Night {*Slow rElec rC+
                  | Will+}
 30802 | D:15     | Entered Level 15 of the Dungeon
 31166 | D:15     | Noticed Nessos
 31174 | D:15     | Killed Nessos
 31265 | D:15     | Found a staircase to the Depths.
 31270 | D:15     | Reached skill level 10 in Hexes
 31747 | D:15     | Noticed Louise
 31768 | D:15     | Killed Louise
 32117 | D:15     | Upgraded the game from 0.31-a0-192-ga50d7bf3bb to
                  | 0.31-a0-198-g2ad674f65e
 32359 | Elf:1    | Entered Level 1 of the Elven Halls
 32363 | Elf:1    | Learned a level 2 spell: Passwall
 32553 | Elf:1    | Identified the +5 mace of Desperation {spect, Stlth+}
 32728 | Elf:1    | Reached XP level 16. HP: 81/82 MP: 20/31
 33570 | Elf:1    | Identified the +8 quarterstaff of Zubew {freeze, rN+++
                  | rCorr Str-5 Int+3}
 33772 | Elf:1    | Identified the +1 mace of Experimentation {flame, Int+6}
 34217 | Elf:1    | Found Xyry's General Store.
 34524 | Elf:1    | Mangled by a +5 long sword of protection

Illustrated notes

Levels and vault maps discovered:
D:1:      kennysheep_arrival_seaside, layout_loops_ring
D:2:      layout_rooms, basic_altar, serial_shops, nicolae_shop_peninsula,
          grunt_decor_fettered, uniq_sigmund, uniq_crazy_yiuf_cottage
D:3:      layout_rooms, grunt_temple_overflow_open
D:4:      layout_cave_pools, minmay_temple_entry_trees, serial_demonic,
          serial_demonic_d, serial_demonic_g, serial_demonic_d,
          serial_demonic_b, enter_ossuary_1, chequers_serial_rivers_small_b,
          minmay_liquid_box, uniq_robin
D:5:      layout_cave_pools, serial_rivers, chequers_serial_rivers_micro_a,
          chequers_serial_rivers_room_a, chequers_serial_rivers_room_b,
          chequers_serial_rivers_room_a, uniq_ijyb
D:6:      layout_loops_ring, uniq_pikel
D:7:      statuecave_lemuel, layout_basic, chequers_serial_rivers_micro_e,
          st_stairs_14, minmay_circle_x, uniq_joseph
D:8:      layout_basic, serial_bayou_pond_b
D:9:      layout_basic, kennysheep_orc_monster_closet_entryway,
          small_statue_intersection, kennysheep_dice, uniq_erolcha
D:10:     lemuel_slime, layout_loops_ring, minmay_lair_entry_grove,
          nrook_pool_corridor, uniq_fannar
D:11:     cheibrodos_wizards_tower, layout_cave_pools, minivault_25
D:12:     layout_cave_pools, hangedman_ru_absence
D:13:     layout_roguey, david_vaults_2, serial_shops, shop, uniq_azrael,
          uniq_kirke, uniq_jorgrun, uniq_sonja
D:14:     layout_loops_ring, serial_ice, serial_ice_j, serial_ice_m,
          serial_ice_g, serial_ice_b, minmay_misc_feat_chi, uniq_lodul
D:15:     hangedman_depths_entry_try_elsewhere_first, layout_basic,
          interstate_on_off, uniq_louise, uniq_nessos
Temple:   nicolae_temple_bog_church
Lair:1:   layout_chaotic_city, grunt_megastairs_2, serial_bayou_shore_a,
          infiniplex_staircase_pool_2, uniq_gastronok
Lair:2:   layout_big_grid, uniq_prince_ribbit2
Lair:3:   layout_roguey, minmay_swamp_entry_worms,
          nicolae_spider_entry_non_spiders, grunt_megastairs_3,
          serial_bayou_shore_b
Lair:4:   layout_small_grid, nicolae_slime_entry_slimehenge,
          chequers_serial_rivers_micro_c, eino_house_with_fridge, uniq_snorg
Lair:5:   cheibrodos_lair_end_hotspot, layout_gridlike, uniq_josephine
Orc:1:    layout_diamond_mine, ebering_ghost_disaster_area
Orc:2:    hellmonk_orc_salted, layout_caves, serial_shops, shop
Elf:1:    layout_geoelf_octagon, serial_shops, shop,
          hangedman_elven_crosses_minicolossus,
          minmay_the_grid_square_5x5_3x3_mashed
          [minmay_the_grid_square_5x5_lines, minmay_the_grid_square_5x5_dogpile,
          minmay_the_grid_square_5x5_six, minmay_the_grid_square_5x5_mess,
          minmay_the_grid_square_5x5_megaprize_diamond,
          minmay_the_grid_square_5x5_three_small, minmay_the_grid_square_5x5_n,
          minmay_the_grid_square_5x5_hourglass,
          minmay_the_grid_square_5x5_inset]

Skill      XL: |  1  2  3  4  5  6  7  8  9 10 11 12 13 14 15 16 |
---------------+-------------------------------------------------+-----
Dodging        | 3 4 5 6 7 8 9 10 11 12 13 | 13.3
Evocations     | 1 2 3 6 7 8 |  8.3
Short Blades   | 3 4 5 6 7 8 10 11 12 13 | 13.0
Fighting       | 3 4 5 6 7 8 |  8.9
Stealth        | 8 9 10 11 12 13 14 | 14.3
Transmutations | 2 4 6 8 10 11 | 11.7
Poison Magic   | 1 2 4 5 6 |  6.0
Throwing       | 1 |  1.1
Spellcasting   | 2 3 5 6 7 8 9 10 11 | 11.0
Fire Magic     | 1 2 |  2.1
Invocations    | 2 3 5 6 7 8 |  8.4
Translocations | 2 5 7 10 11 | 11.6
Hexes          | 4 7 9 10 11 | 11.1
Ranged Weapons | 1 4 5 |  5.9
Long Blades    | 2 |  2.8

Action                     |  1- 3 |  4- 6 |  7- 9 | 10-12 | 13-15 | 16-18 || total
---------------------------+-------+-------+-------+-------+-------+-------++-------
  Melee: Short sword       |    35 |   431 |   238 |       |       |       ||   704
         Punch             |     1 |     4 |    12 |    14 |    13 |     1 ||    45
         Rapier            |       |       |   111 |       |       |       ||   111
         Dagger            |       |       |   313 |   744 |   780 |   111 ||  1948
   Fire: Arbalest          |       |       |       |       |     7 |     1 ||     8
  Throw: Dart              |       |       |    16 |    42 |     3 |       ||    61
   Cast: Sting             |       |       |    40 |    16 |       |       ||    56
         Ignite Poison     |       |       |     8 |    57 |   170 |    31 ||   266
         Poisonous Vapours |       |       |       |    44 |     3 |       ||    47
         Olgreb's Toxic Ra |       |       |       |    13 |   100 |    18 ||   131
         Tukima's Dance    |       |       |       |     4 |     6 |       ||    10
         Apportation       |       |       |       |     1 |       |       ||     1
         Passwall          |       |       |       |       |       |     1 ||     1
 Invoke: Depart the Abyss  |       |       |       |     1 |       |       ||     1
  Evoke: Wand              |       |     3 |       |     8 |     4 |       ||    15
         Condenser vane    |       |       |       |       |     2 |       ||     2
    Use: Potion            |       |     1 |     1 |     2 |     4 |       ||     8
         Scroll            |       |       |    11 |     4 |     8 |       ||    23
   Stab: Sleeping          |     3 |     1 |    28 |    33 |    62 |     1 ||   128
         Paralysed         |       |     1 |       |     1 |     2 |       ||     4
         Distracted        |       |       |     3 |     7 |    13 |     2 ||    25
         Invisible         |       |       |     4 |       |       |       ||     4
 Armour: Robe              |     1 |    48 |    36 |       |    11 |    10 ||   106
         Animal skin       |       |       |    30 |       |       |       ||    30
         Steam dragon scal |       |       |     6 |    47 |    65 |       ||   118
  Dodge: Dodged            |    16 |   272 |   464 |   492 |   580 |    71 ||  1895

Table legend: (Time is in decaauts)
 A = Elapsed time spent in this place.
 B = Non-inter-level travel time spent in this place.
 C = Inter-level travel time spent in this place.
 D = Time resting spent in this place.
 E = Time spent auto-exploring this place.
 F = Levels seen in this place.
 G = Mean time per level.
                   A        B        C        D        E       F      G
               +--------+--------+--------+--------+--------+-----+--------+
         Total |  26161 |  24753 |   1408 |   4828 |  13053 |  26 | 1006.2 |
       Dungeon |  15128 |  14189 |    939 |   2656 |   7757 |  15 | 1008.5 |
        Temple |    122 |    107 |     15 |      0 |     94 |   1 |  122.0 |
          Lair |   5358 |   5058 |    300 |    313 |   3626 |   5 | 1071.6 |
  Orcish Mines |   2024 |   1870 |    154 |    484 |    926 |   2 | 1012.0 |
   Elven Halls |   1801 |   1801 |      0 |    765 |    621 |   1 | 1801.0 |
         Abyss |    209 |    209 |      0 |      0 |     18 |   1 |  209.0 |
       Ossuary |   1516 |   1516 |      0 |    608 |      9 |   1 | 1516.0 |
               +--------+--------+--------+--------+--------+-----+--------+

Top non-repeatable levels by time:
     D:9: 2220 daAuts
   Elf:1: 1801 daAuts
    D:10: 1676 daAuts
  Lair:5: 1560 daAuts
 Ossuary: 1516 daAuts
   Orc:2: 1384 daAuts
  Lair:4: 1370 daAuts
    D:11: 1213 daAuts
     D:8: 1158 daAuts
    D:13: 1110 daAuts
     D:7: 1071 daAuts
    D:12: 988 daAuts
    D:15: 975 daAuts
    D:14: 973 daAuts
  Lair:1: 951 daAuts
